 Dungeon Crawl Stone Soup version 0.30.0-29-ga12c61a403 (webtiles) character file.

Game seed: 11647160733694660946

163352 croobank the Unforgettable (level 17, -2/120 HPs)
             Began as a Gnoll Fire Elementalist on June 5, 2023.
             Was the Champion of Hepliaklqana.
             Constricted to death by a naga warrior (4 damage)
             ... on level 4 of the Snake Pit on June 6, 2023.
             The game lasted 02:11:55 (31432 turns).

croobank the Unforgettable (GnFE)                  Turns: 31432, Time: 02:11:56

Health: -2/120     AC: 20    Str: 10    XL:     17   Next: 83%
Magic:  31/34      EV: 18    Int: 19    God:    Hepliaklqana [******]
Gold:   1533       SH: 15    Dex: 13    Spells: 19/42 levels left

rFire   + + .        j - +4 war axe (flame)
rCold   . . .        s - +3 kite shield "Tuas" {rF++ Str+2 Int-3}
rNeg    . . .        R - +5 steam dragon scales
rPois   +            r - +2 hat {SInv}
rElec   +            p - +0 cloak
rCorr   .            T - +1 pair of gloves
SInv    +            g - +0 pair of boots {Fly}
Will    +....        y - amulet of Xyebbosm {RegenMP rElec Slay+2}
Stlth   +++++        f - +5 ring of evasion
HPRegen 0.40/turn    n - ring of poison resistance
MPRegen 0.64/turn

%: no passive effects
@: weakened, flying, slowed, constricted, very slow
A: reduced essence, fangs 1, strong nose, distributed training
a: Renounce Religion, Recall Ancestor, Ancestor Identity, Transference, Idealise


You were on level 4 of the Snake Pit.
You worshipped Hepliaklqana.
Hepliaklqana was exalted by your worship.
You visited 5 branches of the dungeon, and saw 27 of its levels.
You also visited: Ice Cave.

You collected 2895 gold pieces.
You spent 1362 gold pieces at shops.

Inventory:

Hand Weapons
 j - a +4 war axe of flaming (weapon)
 t - a +2 eveningstar of draining
 v - a +2 dagger of draining
 Q - a +1 demon whip of draining
Missiles
 E - 2 throwing nets
 N - 12 curare-tipped darts
Armour
 g - a +0 pair of boots of flying (worn)
 p - a +0 cloak (worn)
 r - a +2 hat of see invisible (worn)
 s - the +3 kite shield "Tuas" (worn) {rF++ Str+2 Int-3}
   (You found it on level 13 of the Dungeon)

   Str:       It affects your strength (+2).
   Int:       It affects your intelligence (-3).
   rF:        It greatly protects you from fire.
 R - +5 steam dragon scales (worn)
 T - a +1 pair of gloves (worn)
Jewellery
 a - a ring of protection from cold
 f - a +5 ring of evasion (left hand)
 i - a ring of positive energy
 k - a ring of flight
 n - a ring of poison resistance (right hand)
 y - the amulet of Xyebbosm (around neck) {RegenMP rElec Slay+2}
   (You acquired it on level 3 of the Dungeon)

   [amulet of magic regeneration]

   It increases your rate of magic regeneration.
   Slay:      It affects your accuracy & damage with ranged weapons and melee
   (+2).
   rElec:     It insulates you from electricity.
 C - a ring of resist corrosion
 D - a +6 ring of dexterity
 G - an amulet of reflection
 L - a ring of wizardry
 P - a +4 ring of protection
 Z - a ring of ice
Wands
 m - a wand of digging (4)
 o - a wand of charming (23)
 q - a wand of flame (35)
 U - a wand of iceblast (29)
Scrolls
 e - 2 scrolls of magic mapping
 l - 10 scrolls of teleportation
 B - 3 scrolls of fog
 F - 2 scrolls of fear
 I - 4 scrolls of poison
 K - 8 scrolls of vulnerability
 M - 3 scrolls of brand weapon
 X - 3 scrolls of immolation
Potions
 b - 3 potions of magic
 d - 20 potions of curing
 h - 2 potions of haste
 u - 2 potions of brilliance
 w - 3 potions of berserk rage
 x - a potion of resistance
 z - a potion of heal wounds
 H - 4 potions of attraction
 O - 5 potions of lignification
 S - 4 potions of cancellation
 V - a potion of might
 W - 3 potions of ambrosia
 Y - 3 potions of mutation
Miscellaneous
 c - a tin of tremorstones (2/2)
 A - a lightning rod (4/4)
 J - a phantom mirror


   Skills:
 + Level 12.3 Fighting
 + Level 12.3 Short Blades
 + Level 12.3 Long Blades
 + Level 12.3 Axes
 + Level 12.3 Maces & Flails
 + Level 12.3 Polearms
 + Level 12.3 Staves
 + Level 12.3 Ranged Weapons
 + Level 12.3 Throwing
 + Level 12.3 Armour
 + Level 13.1 Dodging
 + Level 13.0 Stealth
 + Level 12.3 Shields
 + Level 12.3 Unarmed Combat
 + Level 13.2 Spellcasting
 + Level 10.6 Conjurations
 + Level 10.4 Hexes
 + Level 10.4 Summonings
 + Level 10.4 Necromancy
 + Level 10.4 Translocations
 + Level 10.4 Transmutations
 + Level 11.7 Fire Magic
 + Level 10.4 Ice Magic
 + Level 10.4 Air Magic
 + Level 10.4 Earth Magic
 + Level 10.4 Poison Magic
 + Level 13.3 Invocations
 + Level 12.3 Evocations


You had 19 spell levels left.
You knew the following spells:

 Your Spells              Type           Power      Damage    Failure   Level
a - Foxfire               Conj/Fire      100%       2x1d9     1%          1
b - Scorch                Fire           100%       2d9       1%          2
c - Inner Flame           Hex/Fire       53%        N/A       1%          3
d - Flame Wave            Conj/Fire      53%        2d13      1%          4
e - Summon Guardian Gole  Hex/Summ       51%        N/A       1%          3
f - Yara's Violent Unrav  Hex/Tmut       25%        3d11      4%          5
g - Arcjolt               Conj/Air       25%        1d35      4%          5

Your spell library contained the following spells:

 Spells                   Type           Power      Damage    Failure   Level
 Shock                    Conj/Air       100%       1d9       1%          1
 Summon Small Mammal      Summ           100%       N/A       1%          1
 Lesser Beckoning         Tloc           100%       N/A       1%          2
 Wereblood                Tmut           51%        N/A       1%          2
 Call Canine Familiar     Summ           51%        N/A       1%          3
 Dazzling Flash           Conj/Hex       100%       N/A       1%          3
 Frozen Ramparts          Ice            100%       1d16      1%          3
 Gell's Gravitas          Tloc           51%        N/A       1%          3
 Ignite Poison            Fire/Tmut/Pois 52%        N/A       1%          3
 Portal Projectile        Hex/Tloc       100%       N/A       1%          3
 Swiftness                Air            51%        N/A       1%          3
 Teleport Other           Tloc           51%        N/A       1%          3
 Tukima's Dance           Hex            51%        N/A       1%          3
 Vhi's Electric Charge    Tloc/Air       100%       N/A       1%          3
 Volatile Blastmotes      Fire/Tloc      100%       2d18      1%          3
 Airstrike                Air            25%        2d(4-20)  1%          4
 Ice Form                 Ice/Tmut       51%        N/A       1%          4
 Leda's Liquefaction      Hex/Erth       25%        N/A       1%          4
 Summon Ice Beast         Ice/Summ       51%        N/A       1%          4
 Fireball                 Conj/Fire      26%        3d12      3%          5
 Agony                    Necr           51%        N/A       4%          5
 Blade Hands              Tmut           25%        N/A       4%          5
 Iskenderun's Battlesphe  Conj           52%        2d10      4%          5
 Silence                  Hex/Air        25%        N/A       4%          5
 Summon Forest            Summ/Tloc      25%        N/A       4%          5
 Starburst                Conj/Fire      26%        6d8       21%         6
 Plasma Beam              Fire/Air       26%        2x1d42    22%         6
 Iron Shot                Conj/Erth      25%        9d5       26%         6
 Eringya's Noxious Bog    Tmut/Pois      25%        N/A       28%         6
 Enfeeble                 Hex            25%        N/A       83%         7
 Spellforged Servitor     Conj/Summ      25%        N/A       83%         7
 Storm Form               Tmut/Air       25%        N/A       83%         7
 Summon Hydra             Summ           25%        N/A       83%         7
 Maxwell's Capacitive Co  Air            25%        ∞         100%        8


Dungeon Overview and Level Annotations

Branches:
Dungeon (15/15)            Temple (1/1) D:4            Lair (5/5) D:8
 Shoals (0/4) Lair:2        Snake (4/4) Lair:2        Slime (0/5) Lair:5
    Orc (2/2) D:12            Elf (0/3) Orc:2        Vaults (0/5) D:14
 Depths (0/4) D:15          IceCv (visited)

Altars:
Ashenzari
Cheibriados
Dithmenos
Elyvilon
Fedhas
Gozag
Hepliaklqana
Kikubaaqudgha
Makhleb
Nemelex Xobeh
Okawaru
Qazlal
Ru
Sif Muna
Trog
Uskayaw
Vehumet
Wu Jian
Xom
Yredelemnul
Zin
The Shining One
Jiyva

Shops:
D:2 ?   D:7 :   D:11 (?*=:*   Orc:1 (   Orc:2 ??((   Snake:2 [

Annotations:
Lair:3 3 runed translucent doors, Deesahac's ghost, journeyman BaFi


Innate Abilities, Weirdness & Mutations

Your life essence is reduced to manifest your ancestor. (-10% HP)
You have very sharp teeth.
Your uncanny sense of smell can sniff out nearby items.
Your experience applies equally to all skills.


Message History

Confirm with . or Enter, or press ? or * to list all spells.
A guardian golem appears, shielding your allies.
The guardian serpent casts a spell at you.
You block the salamander tyrant's attack.
You swap places.
The salamander tyrant hits your guardian golem.
Your guardian golem is engulfed in flames!
Your guardian golem resists.
You block the guardian serpent's attack.
The salamander tyrant hits your guardian golem but does no damage.
The guardian serpent coils itself and waves its upper body at you.
The naga warrior blinks!
The salamander tyrant hits your guardian golem but does no damage.
The guardian serpent closely misses you.
You completely miss the guardian serpent.
The guardian serpent is lightly wounded.
You closely miss the naga warrior. The guardian serpent hits you!
The naga warrior hits you with a +0 battleaxe!
* * * LOW HITPOINT WARNING * * *
The naga warrior hits your guardian golem with a +0 battleaxe!!
The naga warrior grabs you. The naga warrior constricts you.
The salamander tyrant hits your guardian golem.
Your guardian golem is engulfed in flames!
Your guardian golem resists.
The guardian serpent hits you!
* * * LOW HITPOINT WARNING * * *
Your guardian golem overheats!
The salamander hits you from afar with a +0 halberd!
* * * LOW HITPOINT WARNING * * *
You are engulfed in flames.
You resist.
* * * LOW HITPOINT WARNING * * *
You block the naga warrior's attack.
The naga warrior hits your guardian golem with a +0 battleaxe!
Your guardian golem disappears in a puff of smoke!
Your guardian golem explodes!
The fiery explosion engulfs the salamander tyrant.
The salamander tyrant completely resists.
The fiery explosion engulfs the naga warrior!!
The naga warrior constricts you.
You die...

###.†.# #.###.
#...### #.....
#.### ###### #.#
## #.# ##[#. #N#
..).. #§# .....
#N# . ..... #@#
.. ....# #S# ...
..## #N# .... #
.. #)###.....
.... #.#.......
.... #.§.S...N.
.... #)#.......
....
N..N..).#.......
N.......###.....


You could see a naga warrior, a salamander tyrant, a salamander (inner flame)
and a guardian serpent.

Vanquished Creatures
  An ironbound preserver (D:14)
  2 very ugly things (IceCv)
  An ettin (Orc:1)
  2 fire dragons
  4 caustic shrike simulacra (IceCv)
  2 salamander tyrants
  Fannar (Orc:1)
  Erolcha (D:13)
  An ice dragon (D:14)
  A hydra (D:15)
  2 boulder beetles
  A centaur warrior (D:14)
  Erica (Orc:1)
  4 anacondas
  2 two-headed ogres
  6 naga warriors
  An orc high priest (Orc:2)
  A death knight (D:15)
  5 naga sharpshooters
  12 shock serpents
  A fire crab (shapeshifter) (D:14)
  2 salamander mystics
  2 sea snakes (Snake:3)
  2 naga ritualists
  An orange crystal statue (IceCv)
  2 orc knights (Orc:2)
  3 mana vipers
  A lindwurm (Lair:5)
  A wolf spider (D:15)
  4 oklob plants
  4 orc sorcerers (Orc:2)
  7 ugly things
  4 manticores
  4 salamanders
  3 cyclopes
  31 black mambas
  4 guardian serpents
  An orange demon (Lair:3)
  3 naga magi
  3 cane toads
  2 molten gargoyles (Lair:5)
  An anaconda simulacrum (IceCv)
  4 freezing wraiths
  A rime drake (Lair:2)
  6 komodo dragons
  3 golden dragon simulacra (IceCv)
  A tengu conjurer (D:13)
  A meliai (D:15)
  5 trolls
  3 polar bears
  12 blink frogs
  A dream sheep (Lair:5)
  A water elemental (D:11)
  2 shadows (D:11)
  3 wraiths
  A vampire (D:14)
  2 wyverns
  33 yaks
  5 steam dragons
  3 basilisks
  3 harpy simulacra (IceCv)
  A warg (Orc:1)
  18 nagas
  A hydra simulacrum (IceCv)
  10 water moccasins
  4 hell hounds (Lair:5)
  An acid dragon (D:12)
  4 black bears
  11 orc warriors
  A sky beast (D:7)
  2 alligator simulacra (IceCv)
  6 ogres
  5 wolves
  4 centaurs
  A phantom (D:6)
  2 kobold brigands
  2 lemures (D:7)
  Blork the orc (D:4)
  9 bullfrogs
  2 gnoll sergeants
  2 wyvern zombies (D:7)
  5 scorpions
  6 wights
  A lindwurm simulacrum (IceCv)
  A howler monkey (D:8)
  6 electric eels
  3 lava snakes (Lair:5)
  2 bullfrog zombies (D:7)
  A human zombie (D:7)
  7 orc priests
  5 hounds
  A jelly (D:5)
  An iguana (D:4)
  2 sleepcaps
  16 orc wizards
  2 killer bee zombies (D:7)
  A howler monkey zombie (D:7)
  Robin (D:2)
  12 gnolls
  7 adders
  A shadow imp (D:5)
  A white imp (D:6)
  3 ufetubi
  2 worms (D:2)
  6 dart slugs
  66 orcs
  6 bats
  7 endoplasms
  2 giant cockroaches
  16 goblins
  8 hobgoblins
  6 jackals
  15 kobolds
  9 quokkas
  7 ball pythons
  A frilled lizard (D:2)
  10 rats
560 creatures vanquished.

Vanquished Creatures (collateral kills)
  Gastronok (Lair:2)
  A nagaraja (Snake:4)
  A dire elephant (D:15)
  A rakshasa (D:15)
  The ghost of corvin the Basher, a journeyman DgWn (D:12)
  A salamander tyrant (Snake:4)
  2 hydras (Lair:5)
  A catoblepas (Lair:3)
  A centaur warrior (D:13)
  A two-headed ogre (D:13)
  4 anacondas
  5 naga warriors
  The ghost of croobank the Magician, a novice GnFE of Gozag (D:8)
  2 orc high priests (Orc:2)
  A tengu warrior (D:13)
  4 naga sharpshooters
  A shock serpent (Snake:4)
  Nergalle (Lair:2)
  Amaemon (Lair:3)
  A skeletal warrior (D:14)
  A salamander mystic (Snake:4)
  2 naga ritualists
  2 sea snakes (Snake:3)
  An orange crystal statue (IceCv)
  Pikel (D:7)
  A phantasmal warrior (D:15)
  An orc sorcerer (Orc:2)
  4 oklob plants
  4 mana vipers
  2 orc knights
  7 ugly things
  A cyclops (D:14)
  7 salamanders
  11 black mambas
  4 naga magi
  A molten gargoyle (Lair:5)
  A torpor snail (Lair:4)
  6 cane toads
  A gargoyle (D:13)
  2 kobold demonologists (D:14)
  A rime drake (Lair:5)
  3 komodo dragons
  A yaktaur (shapeshifter) (D:10)
  2 meliai (D:15)
  7 polar bears (Lair:3)
  10 blink frogs
  4 dream sheep
  4 slime creatures (D:14)
  2 wyverns
  20 yaks
  A vampire (D:12)
  4 basilisks
  Menkaure (D:7)
  9 nagas
  6 water moccasins
  A hydra simulacrum (IceCv)
  20 orc warriors
  A sky beast (D:7)
  An ettin simulacrum (IceCv)
  An ogre (Orc:1)
  6 black bears
  7 wolves
  4 centaurs
  A lemure (D:7)
  2 kobold brigands
  3 bullfrogs
  2 wights (D:6)
  A howler monkey (D:8)
  2 electric eels (Snake:3)
  2 lava snakes (Lair:5)
  A centaur zombie (D:7)
  12 orc priests
  A hound (D:5)
  16 orc wizards
  2 gnolls
  A white imp (D:8)
  18 orcs
  5 kobolds
  81 foxfires
358 creatures vanquished.

Vanquished Creatures (others)
  Donald (Snake:3)
  An orc warlord (Orc:2)
  A boulder beetle (D:12)
  A two-headed ogre (D:14)
  3 naga warriors
  A shock serpent (Snake:3)
  A skeletal warrior (D:15)
  A sea snake (Snake:3)
  A naga ritualist (Snake:1)
  An orc knight (Orc:2)
  A mana viper (Snake:3)
  A wolf spider (D:12)
  An ugly thing (D:15)
  2 black mambas
  A naga mage (Snake:3)
  A guardian serpent (Snake:4)
  2 polar bears (Lair:3)
  3 dream sheep (Lair:5)
  A slime creature (D:14)
  A basilisk (Lair:5)
  A water moccasin (Lair:2)
  A black bear (Lair:3)
  36 battlemagi
  2 ancestors (D:6)
  An orc (Orc:2)
  1488 foxfires
1555 creatures vanquished.

Grand Total: 2473 creatures vanquished

Notes
Turn   | Place    | Note
-------+----------+-------------------------------------------
     0 | D:1      | croobank the Gnoll Fire Elementalist began the quest for
                  | the Orb.
     0 | D:1      | Reached XP level 1. HP: 13/13 MP: 6/6
    92 | D:1      | Reached XP level 2. HP: 19/19 MP: 4/7
    95 | D:1      | Learned a level 2 spell: Scorch
   505 | D:1      | Reached skill level 5 in Spellcasting
   505 | D:1      | Reached XP level 3. HP: 25/25 MP: 3/9
   779 | D:1      | Reached skill level 1 in Invocations
   829 | D:1      | You are sucked into a shaft and drop 1 floor!
   854 | D:2      | Reached skill level 1 in Fighting
   854 | D:2      | Reached skill level 1 in Short Blades
   854 | D:2      | Reached skill level 1 in Long Blades
   854 | D:2      | Reached skill level 1 in Axes
   854 | D:2      | Reached skill level 1 in Maces & Flails
   854 | D:2      | Reached skill level 1 in Polearms
   854 | D:2      | Reached skill level 1 in Staves
   854 | D:2      | Reached skill level 1 in Ranged Weapons
   854 | D:2      | Reached skill level 1 in Throwing
   854 | D:2      | Reached skill level 1 in Armour
   854 | D:2      | Reached skill level 1 in Shields
   854 | D:2      | Reached skill level 1 in Unarmed Combat
   854 | D:2      | Reached skill level 1 in Evocations
   937 | D:2      | Found Mamanihe's Magic Scroll Emporium.
   946 | D:2      | Noticed Robin
   954 | D:2      | Reached XP level 4. HP: 29/32 MP: 3/11
  1652 | D:2      | Reached skill level 1 in Hexes
  1652 | D:2      | Reached skill level 1 in Summonings
  1652 | D:2      | Reached skill level 1 in Necromancy
  1652 | D:2      | Reached skill level 1 in Translocations
  1652 | D:2      | Reached skill level 1 in Transmutations
  1652 | D:2      | Reached skill level 1 in Ice Magic
  1652 | D:2      | Reached skill level 1 in Air Magic
  1652 | D:2      | Reached skill level 1 in Earth Magic
  1652 | D:2      | Reached skill level 1 in Poison Magic
  1652 | D:2      | Killed Robin
  1780 | D:2      | Bought a scroll of identify for 20 gold pieces
  2822 | D:3      | Reached XP level 5. HP: 34/36 MP: 7/12
  3739 | D:3      | Found a faded altar of an unknown god.
  3743 | D:3      | Found a glowing silver altar of Zin.
  3960 | D:3      | Found a faded altar of an unknown god.
  4065 | D:3      | Identified a scroll of acquirement
  4065 | D:3      | Acquired the amulet of Xyebbosm {RegenMP rElec Slay+2}
  4194 | D:4      | Found a staircase to the Ecumenical Temple.
  4251 | D:4      | Reached XP level 6. HP: 44/44 MP: 14/14
  4271 | D:4      | Noticed Blork the orc
  4279 | D:4      | Killed Blork the orc
  4280 | D:4      | Reached skill level 5 in Dodging
  4301 | Temple   | Entered the Ecumenical Temple
  4316 | Temple   | Became a worshipper of Hepliaklqana the Forgotten
  4659 | D:4      | Reached XP level 7. HP: 49/50 MP: 11/15
  5071 | D:5      | Entered Level 5 of the Dungeon
  5073 | D:5      | Reached skill level 5 in Stealth
  5268 | D:5      | Reached * piety under Hepliaklqana
  5343 | D:5      | Reached XP level 8. HP: 38/52 MP: 11/16
  6238 | D:6      | Noticed a wraith
  6251 | D:6      | Killed a wraith
  6495 | D:6      | Reached XP level 9. HP: 51/58 MP: 18/18
  6523 | D:6      | Reached ** piety under Hepliaklqana
  6524 | D:6      | Remembered your ancestor Ankhesenamen as a battlemage
  6867 | D:7      | Found a broken altar of Ashenzari.
  6867 | D:7      | Found a glowing golden altar of the Shining One.
  6943 | D:7      | Reached skill level 5 in Invocations
  7210 | D:7      | Found Pumox's Book Shop.
  7461 | D:7      | Found a basalt altar of Yredelemnul.
  7477 | D:7      | Reached skill level 5 in Fighting
  7477 | D:7      | Reached skill level 5 in Short Blades
  7477 | D:7      | Reached skill level 5 in Long Blades
  7477 | D:7      | Reached skill level 5 in Axes
  7477 | D:7      | Reached skill level 5 in Maces & Flails
  7477 | D:7      | Reached skill level 5 in Polearms
  7477 | D:7      | Reached skill level 5 in Staves
  7477 | D:7      | Reached skill level 5 in Ranged Weapons
  7477 | D:7      | Reached skill level 5 in Throwing
  7477 | D:7      | Reached skill level 5 in Armour
  7477 | D:7      | Reached skill level 5 in Shields
  7477 | D:7      | Reached skill level 5 in Unarmed Combat
  7477 | D:7      | Reached skill level 5 in Evocations
  7477 | D:7      | Reached XP level 10. HP: 66/66 MP: 20/20
  7581 | D:7      | Noticed Menkaure
  7583 | D:7      | Noticed Pikel
  7590 | D:7      | Killed Menkaure
  7817 | D:7      | Killed Pikel
  7966 | D:8      | Found a runed translucent gate.
  7966 | D:8      | Found a runed translucent gate.
  7966 | D:8      | Found a runed translucent gate.
  7967 | D:8      | Noticed croobank's ghost (novice GnFE)
  8132 | D:8      | Reached skill level 5 in Conjurations
  8312 | D:8      | Found a staircase to the Lair.
  8534 | D:8      | Learned a level 3 spell: Inner Flame
  8539 | D:8      | Learned a level 4 spell: Flame Wave
  8543 | D:8      | Learned a level 3 spell: Summon Guardian Golem
  8560 | D:9      | Reached *** piety under Hepliaklqana
  8811 | D:9      | Reached skill level 5 in Hexes
  8811 | D:9      | Reached skill level 5 in Summonings
  8811 | D:9      | Reached skill level 5 in Necromancy
  8811 | D:9      | Reached skill level 5 in Translocations
  8811 | D:9      | Reached skill level 5 in Transmutations
  8811 | D:9      | Reached skill level 5 in Ice Magic
  8811 | D:9      | Reached skill level 5 in Air Magic
  8811 | D:9      | Reached skill level 5 in Earth Magic
  8811 | D:9      | Reached skill level 5 in Poison Magic
  8811 | D:9      | Reached XP level 11. HP: 72/72 MP: 18/22
  9814 | D:10     | Entered Level 10 of the Dungeon
  9814 | D:10     | Reached **** piety under Hepliaklqana
  9966 | D:10     | Identified the +1 cloak of the Bull {rF- Int+3 Dex+9
                  | Stlth-}
 10485 | D:11     | Noticed a cyclops
 10500 | D:11     | Killed a cyclops
 10528 | D:11     | Found Somepp's Overcharged Wands.
 10580 | D:11     | Noticed a boulder beetle
 10627 | D:11     | Killed a boulder beetle
 10708 | D:11     | Found Maliwit's Book Shop.
 10732 | D:11     | Reached XP level 12. HP: 81/81 MP: 20/25
 10740 | D:11     | Found Bomeityd's Magic Scroll Emporium.
 10743 | D:11     | Found Houhioh's Jewellery Boutique.
 10746 | D:11     | Found Amem's Antique Weapon Shoppe.
 10749 | D:11     | Found Cabim's General Store.
 10808 | D:11     | Bought a scroll of identify for 20 gold pieces
 10808 | D:11     | Bought a scroll of enchant weapon for 75 gold pieces
 10810 | D:11     | Bought a scroll of magic mapping for 75 gold pieces
 11139 | D:2      | Bought a scroll of enchant armour for 75 gold pieces
 11139 | D:2      | Bought a scroll of vulnerability for 40 gold pieces
 12016 | D:12     | Learned a level 5 spell: Yara's Violent Unravelling
 12020 | D:12     | Noticed a boulder beetle
 12028 | D:12     | Killed a boulder beetle
 12101 | D:12     | Found a runed translucent door.
 12104 | D:12     | Noticed corvin's ghost (journeyman DgWn)
 12355 | D:12     | Found a shimmering blue altar of Sif Muna.
 12391 | D:12     | Reached ***** piety under Hepliaklqana
 12764 | D:12     | Found a staircase to the Orcish Mines.
 13059 | D:12     | Killed corvin's ghost
 13060 | D:12     | Reached XP level 13. HP: 88/88 MP: 26/26
 13112 | D:13     | Identified the +3 kite shield "Tuas" {rF++ Str+2 Int-3}
 13375 | D:13     | Noticed Erolcha
 13493 | Lair:1   | Entered Level 1 of the Lair of Beasts
 14181 | Lair:2   | Reached skill level 10 in Spellcasting
 14298 | Lair:2   | Found a staircase to the Snake Pit.
 14399 | Lair:2   | Noticed Gastronok
 14412 | Lair:2   | Killed Gastronok
 14443 | Lair:2   | Found a staircase to the Shoals.
 14635 | Lair:2   | Noticed Nergalle
 14642 | Lair:2   | Killed Nergalle
 14689 | Lair:2   | Reached skill level 10 in Dodging
 15289 | Lair:3   | Reached skill level 10 in Stealth
 15289 | Lair:3   | Reached XP level 14. HP: 95/97 MP: 28/28
 15473 | Lair:3   | Found a runed translucent gate.
 15477 | Lair:3   | Found a runed translucent gate.
 15477 | Lair:3   | Found a runed translucent gate.
 15477 | Lair:3   | Noticed Deesahac's ghost (journeyman BaFi)
 15668 | Lair:3   | Reached skill level 10 in Invocations
 15868 | Lair:3   | Noticed Amaemon
 15881 | Lair:3   | Killed Amaemon
 15903 | Lair:3   | Found a shimmering altar of Xom.
 16533 | Lair:4   | Got the Atlas of the Different Gang
 16963 | Lair:5   | Entered Level 5 of the Lair of Beasts
 17077 | Lair:5   | Found a staircase to the Slime Pits.
 17134 | Lair:5   | Found a viscous altar of Jiyva.
 17621 | Lair:5   | Reached ****** piety under Hepliaklqana
 18028 | Lair:5   | Found a large runed translucent door.
 18028 | Lair:5   | Found a large runed translucent door.
 18327 | Lair:5   | Reached skill level 10 in Fire Magic
 18536 | Lair:5   | Reached skill level 10 in Fighting
 18536 | Lair:5   | Reached skill level 10 in Short Blades
 18536 | Lair:5   | Reached skill level 10 in Long Blades
 18536 | Lair:5   | Reached skill level 10 in Axes
 18536 | Lair:5   | Reached skill level 10 in Maces & Flails
 18536 | Lair:5   | Reached skill level 10 in Polearms
 18536 | Lair:5   | Reached skill level 10 in Staves
 18536 | Lair:5   | Reached skill level 10 in Ranged Weapons
 18536 | Lair:5   | Reached skill level 10 in Throwing
 18536 | Lair:5   | Reached skill level 10 in Armour
 18536 | Lair:5   | Reached skill level 10 in Shields
 18536 | Lair:5   | Reached skill level 10 in Unarmed Combat
 18536 | Lair:5   | Reached skill level 10 in Evocations
 18647 | Lair:5   | Reached XP level 15. HP: 103/103 MP: 28/30
 19386 | Orc:1    | Entered Level 1 of the Orcish Mines
 19465 | Orc:1    | Found Myneji Wien's Antique Weapon Boutique.
 19617 | Orc:2    | Entered Level 2 of the Orcish Mines
 19686 | Orc:2    | Noticed an orc warlord
 19713 | Orc:2    | Killed an orc warlord
 19926 | Orc:1    | Noticed Fannar
 19934 | Orc:1    | Killed Fannar
 20050 | Orc:1    | Noticed Erica
 20059 | Orc:1    | Killed Erica
 20731 | Orc:2    | Found a staircase to the Elven Halls.
 20775 | Orc:2    | Found Hanoacs's Magic Scroll Boutique.
 20778 | Orc:2    | Paralysed by an orc sorcerer for 4 turns
 21281 | Orc:2    | Found Muse's Magic Scroll Boutique.
 21282 | Orc:2    | Found Xial's Antique Weapon Shoppe.
 21282 | Orc:2    | Found Qinirhia's Weapon Shoppe.
 21308 | Orc:2    | Bought a scroll of blinking for 105 gold pieces
 21322 | Orc:2    | Bought a scroll of acquirement for 832 gold pieces
 21322 | Orc:2    | Bought a scroll of enchant weapon for 120 gold pieces
 21323 | Orc:2    | Acquired a Fen Folio
 21606 | D:13     | Killed Erolcha
 21857 | D:14     | Found a frozen archway.
 21977 | IceCv    | Entered an ice cave
 23381 | D:14     | Reached XP level 16. HP: 111/111 MP: 12/31
 23565 | D:14     | Found a gate to the Vaults.
 23887 | D:15     | Entered Level 15 of the Dungeon
 24136 | D:15     | Found a staircase to the Depths.
 25080 | D:15     | Learned a level 5 spell: Arcjolt
 25525 | D:8      | Killed croobank's ghost
 25636 | Snake:1  | Entered Level 1 of the Snake Pit
 27038 | Snake:1  | Reached skill level 10 in Conjurations
 28034 | Snake:2  | Found Deiwkos's Armour Shop.
 28109 | Snake:2  | Reached XP level 17. HP: 112/119 MP: 33/33
 28815 | Snake:3  | Found a runed translucent gate.
 28815 | Snake:3  | Found a runed translucent gate.
 28815 | Snake:3  | Noticed Donald
 28830 | Snake:3  | Killed Donald
 28871 | Snake:3  | Reached skill level 10 in Hexes
 28871 | Snake:3  | Reached skill level 10 in Summonings
 28871 | Snake:3  | Reached skill level 10 in Necromancy
 28871 | Snake:3  | Reached skill level 10 in Translocations
 28871 | Snake:3  | Reached skill level 10 in Transmutations
 28871 | Snake:3  | Reached skill level 10 in Ice Magic
 28871 | Snake:3  | Reached skill level 10 in Air Magic
 28871 | Snake:3  | Reached skill level 10 in Earth Magic
 28871 | Snake:3  | Reached skill level 10 in Poison Magic
 28979 | Snake:3  | Found a runed translucent gate.
 30386 | Snake:4  | Entered Level 4 of the Snake Pit
 31432 | Snake:4  | HP: 6/120 [salamander/+0 halberd (12)]
 31432 | Snake:4  | HP: 2/120 [salamander/+0 halberd (4)]
 31432 | Snake:4  | Constricted to death by a naga warrior

Illustrated notes

Levels and vault maps discovered:
D:1:      scummos_arrival_star, layout_loops_ring, patterned_corridor
D:2:      layout_basic, serial_shops, nicolae_shop_competitors_out_of_business,
          minmay_three_crescents, uniq_robin
D:3:      layout_basic, nicolae_overflow_ecumenical_swirl,
          chequers_ecumenical_altar_twisty
D:4:      layout_basic, temple_pool_b, uniq_blork_the_orc
D:5:      layout_rooms
D:6:      layout_basic
D:7:      cheibrodos_steamvent, layout_rooms,
          lemuel_mausoleum_altar_yredelemnul, nicolae_overflow_two_pavilions,
          serial_shops, shop, kennysheep_generic_room_9, uniq_pikel,
          uniq_menkaure
D:8:      layout_rooms, due_lair_maze_entry_diamond, gammafunk_ghost_split
D:9:      layout_layer_cave
D:10:     layout_cave_pools
D:11:     layout_gridville, nrook_loot_triangle,
          nicolae_shop_national_dungeon_mall, nicolae_shop_overcharged_wands
D:12:     layout_basic, david_orc_4, ebering_ghost_inner_flame,
          minmay_gold_behind_fungi, kennysheep_orc_sif_temple
D:13:     layout_cave_pools, uniq_erolcha
D:14:     layout_cave_pools, skrybe_vaults_entry_preservation,
          portal_ice_cave_entry_dragon
D:15:     hangedman_depths_entry_try_elsewhere_first, layout_small_grid,
          minivault_20
Temple:   eino_narrow_crystal_temple
Lair:1:   layout_misc_corridors, nicolae_quartered_pool_impasse,
          chequers_serial_rivers_large_b, st_stairs_6,
          infiniplex_staircase_pool, serial_bayou_shore_b
Lair:2:   layout_regular_city, minmay_shoals_entry_centaurs,
          minmay_snake_entry_six_corridors, serial_bayou_lake_a, uniq_gastronok,
          uniq_nergalle
Lair:3:   beast_lair_carwin_large_4, layout_long_grid,
          gammafunk_ghost_necromancy, basic_altar, dpeg_oklob_1, uniq_amaemon
Lair:4:   layout_roguey
Lair:5:   cheibrodos_lair_end_hotspot, layout_long_grid,
          minmay_slime_entry_oklob_open
Snake:1:  layout_honeycomb, nicolae_snake_snakes_in_the_grass
Snake:2:  layout_chambers, serial_shops, nicolae_shop_hallway_plus
Snake:3:  layout_chambers, nicolae_snake_snake_lake, nicolae_snake_horde_hoard,
          serial_bayou_shore_b, uniq_donald
Snake:4:  snake_hunt, layout_basic, serial_shops, nicolae_shop_behind_doors,
          grunt_megastairs_5
Orc:1:    layout_caves, basic_altar, serial_shops, shop, uniq_erica, uniq_fannar
Orc:2:    st_orc_elflike, layout_diamond_mine

Skill      XL: |  1  2  3  4  5  6  7  8  9 10 11 12 13 14 15 16 17 |
---------------+----------------------------------------------------+-----
Conjurations   | 2 3 4 5 6 7 8 9 10 | 10.6
Spellcasting   | 5 6 7 9 10 11 12 13 | 13.2
Invocations    | 1 2 3 4 5 6 8 9 10 11 12 13 | 13.3
Fighting       | 1 2 3 5 6 7 9 10 11 12 | 12.3
Short Blades   | 1 2 3 5 6 7 9 10 11 12 | 12.3
Long Blades    | 1 2 3 5 6 7 9 10 11 12 | 12.3
Axes           | 1 2 3 5 6 7 9 10 11 12 | 12.3
Maces & Flails | 1 2 3 5 6 7 9 10 11 12 | 12.3
Polearms       | 1 2 3 5 6 7 9 10 11 12 | 12.3
Staves         | 1 2 3 5 6 7 9 10 11 12 | 12.3
Ranged Weapons | 1 2 3 5 6 7 9 10 11 12 | 12.3
Throwing       | 1 2 3 5 6 7 9 10 11 12 | 12.3
Armour         | 1 2 3 5 6 7 9 10 11 12 | 12.3
Shields        | 1 2 3 5 6 7 9 10 11 12 | 12.3
Unarmed Combat | 1 2 3 5 6 7 9 10 11 12 | 12.3
Evocations     | 1 2 3 5 6 7 9 10 11 12 | 12.3
Hexes          | 1 2 3 4 5 6 7 8 9 10 | 10.4
Summonings     | 1 2 3 4 5 6 7 8 9 10 | 10.4
Necromancy     | 1 2 3 4 5 6 7 8 9 10 | 10.4
Translocations | 1 2 3 4 5 6 7 8 9 10 | 10.4
Transmutations | 1 2 3 4 5 6 7 8 9 10 | 10.4
Ice Magic      | 1 2 3 4 5 6 7 8 9 10 | 10.4
Air Magic      | 1 2 3 4 5 6 7 8 9 10 | 10.4
Earth Magic    | 1 2 3 4 5 6 7 8 9 10 | 10.4
Poison Magic   | 1 2 3 4 5 6 7 8 9 10 | 10.4
Dodging        | 5 6 7 8 9 10 11 12 13 | 13.1
Stealth        | 5 6 7 8 9 10 11 12 13 | 13.0
Fire Magic     | 6 7 8 9 10 11 | 11.7

Action                     |  1- 3 |  4- 6 |  7- 9 | 10-12 | 13-15 | 16-18 || total
---------------------------+-------+-------+-------+-------+-------+-------++-------
  Melee: Unarmed           |     2 |       |       |       |       |       ||     2
         Bite              |     2 |     5 |     5 |    13 |    27 |    27 ||    79
         Whip              |     7 |     4 |       |       |       |       ||    11
         Punch             |     1 |     2 |     2 |     3 |       |       ||     8
         War axe           |     1 |       |       |    83 |   239 |   153 ||   476
         Dagger            |       |    30 |    41 |    21 |     8 |       ||   100
         Demon whip        |       |       |       |       |    22 |    24 ||    46
   Cast: Foxfire           |    31 |    69 |    70 |    68 |   585 |    60 ||   883
         Scorch            |    14 |    44 |    90 |   134 |   137 |    65 ||   484
         Summon Guardian G |       |       |       |     3 |    38 |    63 ||   104
         Flame Wave        |       |       |       |     2 |    11 |       ||    13
         Inner Flame       |       |       |       |       |    49 |   163 ||   212
         Yara's Violent Un |       |       |       |       |     1 |    12 ||    13
         Arcjolt           |       |       |       |       |       |    19 ||    19
 Invoke: Ancestor Life: Ba |       |       |     1 |       |       |       ||     1
         Idealise          |       |       |       |     1 |     1 |       ||     2
         Recall Ancestor   |       |       |       |       |       |     1 ||     1
  Evoke: Wand              |       |       |       |     2 |     3 |     1 ||     6
    Use: Scroll            |     2 |    13 |     6 |    15 |    10 |     2 ||    48
         Potion            |       |       |       |     3 |    12 |     4 ||    19
   Stab: Sleeping          |     1 |     9 |    13 |    10 |     4 |     5 ||    42
         Distracted        |       |       |       |     1 |     4 |     2 ||     7
 Armour: Robe              |     5 |    10 |    10 |       |       |       ||    25
         Steam dragon scal |       |       |     3 |    40 |    96 |    71 ||   210
  Dodge: Dodged            |    30 |    44 |    61 |   196 |   258 |   185 ||   774
  Block: Kite shield       |       |       |       |       |   289 |   203 ||   492
